 Dungeon Crawl Stone Soup version 0.20.0-15-g7f486f2 (webtiles) character file.

264 pib the Skirmisher (level 6, -1/49 HPs)
             Began as a Formicid Abyssal Knight on June 26, 2017.
             Was a Believer of Lugonu.
             Slain by an ogre
             ... wielding a cursed +0 giant spiked club
              (18 damage)
             ... on level 4 of the Dungeon.
             The game lasted 00:09:48 (4365 turns).

pib the Skirmisher (Formicid Abyssal Knight)        Turns: 4365, Time: 00:09:49

Health: -1/49      AC:  9    Str: 18    XL:     6   Next: 43%
Magic:  7/8        EV:  5    Int: 12    God:    Lugonu [**....]
Gold:   166        SH:  8    Dex: 10    Spells: 5/5 levels left

rFire    . . .     SeeInvis +   a - +1 hand axe
rCold    . . .     Gourm    .   p - +0 shield
rNeg     . . .     Faith    .   y - +0 chain mail
rPois    .         Spirit   .   (helmet unavailable)
rElec    .         Reflect  .   (no cloak)
rCorr    .         Harm     .   (no gloves)
MR       .....                  (no boots)
Stlth    ..........             (no amulet)
Regen    0.2/turn               (no ring)
MPRegen  0.2/turn               (no ring)

@: no status effects
A: permanent stasis, dig shafts and tunnels, four strong arms, antennae 3
a: Dig, Shaft Self, Depart the Abyss, Bend Space, Renounce Religion


You were on level 4 of the Dungeon.
You worshipped Lugonu.
Lugonu was pleased with you.
You were not hungry.

You visited 1 branch of the dungeon, and saw 4 of its levels.
You visited the Abyss 1 time.

You collected 166 gold pieces.

Inventory:

Hand Weapons
 a - a +1 hand axe (weapon)
 e - a +0 hunting sling
 w - a +0 hunting sling
Missiles
 x - 34 sling bullets
Armour
 p - a +0 shield (worn)
 y - a +0 chain mail (worn)
Jewellery
 d - an uncursed amulet of the gourmand {unknown}
 g - an uncursed ring of protection from cold {unknown}
 o - a cursed ring of stealth {unknown}
 C - a cursed amulet of inaccuracy {unknown}
Scrolls
 h - 2 scrolls of enchant weapon {unknown}
 j - 2 scrolls of teleportation {unknown}
 l - 2 scrolls of fog {unknown}
 m - 4 scrolls of remove curse {unknown}
 n - a scroll of identify {unknown}
 q - a scroll of fear {unknown}
 u - a scroll of noise {unknown}
Potions
 b - a potion of berserk rage {unknown}
 f - 2 potions of degeneration {unknown}
 i - 2 potions of ambrosia {unknown}
 k - a potion of curing {unknown}
 r - 3 potions of lignification {unknown}
 s - a potion of haste {unknown}
 v - 2 potions of invisibility
 z - a potion of brilliance {unknown}
 B - a potion of mutation {unknown}
Comestibles
 c - 3 bread rations
 t - a royal jelly
 A - 2 chunks of flesh


   Skills:
 + Level 4.4 Fighting
 + Level 3.1 Axes
 + Level 3.4 Armour
 + Level 2.4 Dodging
 + Level 1.7 Shields
 + Level 3.6 Invocations


You had 5 spell levels left.
You didn't know any spells.

Dungeon Overview and Level Annotations

Branches:
Dungeon (4/15)
 Temple: D:4-7

Altars:
Elyvilon
Gozag
Kikubaaqudgha
Ru
Xom
Yredelemnul
The Shining One

Portals:
Sewer: D:4

Annotations:
D:2 1 runed door
D:3 Paps's ghost, amateur DsGl


Innate Abilities, Weirdness & Mutations

You cannot be hasted, slowed, berserked, paralysed or teleported.
You can dig through walls and to a lower floor.
Your four strong arms can wield two-handed weapons with a shield.
You have a pair of large antennae on your head. (SInv)


Message History

Found a pair of gloves.
You see here a rat corpse.
You butcher the rat corpse.
A - 2 chunks of flesh (gained 1)
You see here a rat skeleton.
An ogre comes into view. It is wielding a giant spiked club.
The ogre shouts!
You see here a rat skeleton.
There is a stone staircase leading up here.
Okay, then.
Found a fuming emerald potion.
You see here a fuming emerald potion.
r - 3 fuming emerald potions (gained 1)
You hear the rapid rusting of a distant drain.
The ogre hits you with a giant spiked club!
You barely miss the ogre.
The ogre hits you with a giant spiked club!!
Space bends around you!
You blink.
The ogre hits you with a giant spiked club!!
You die...

##### #...# {
#...# .
#...##########....
#.................
#..O##########....
##@#....... .
#.#.###### { #.#.#
.. #<#.#.###
#รท#......
#........
#........
#.............
.O.............


You could see an ogre.

Vanquished Creatures
  A scorpion (D:3)
  Jessica (D:2)
  Terence (D:2)
  6 adders
  3 gnolls (D:3)
  3 worms
  A dart slug (D:2)
  A leopard gecko (D:2)
  3 orcs
  4 bats
  2 giant cockroaches
  5 goblins
  6 hobgoblins
  11 jackals
  6 kobolds
  4 quokkas
  A ball python (D:3)
  2 frilled lizards
  5 rats
66 creatures vanquished.

Notes
Turn   | Place    | Note
-------+----------+-------------------------------------------
     0 | Abyss:1  | pib the Formicid Abyssal Knight began the quest for the Orb.
     0 | Abyss:1  | Reached XP level 1. HP: 18/18 MP: 2/2
    43 | Abyss:1  | Found a basalt altar of Yredelemnul.
    46 | Abyss:1  | Noticed a raiju
    62 | D:1      | Escaped the Abyss
   199 | D:1      | Reached skill level 1 in Dodging
   282 | D:1      | Found a glowing golden altar of the Shining One.
   363 | D:1      | Reached XP level 2. HP: 21/24 MP: 3/3
   402 | D:1      | Reached * piety under Lugonu
   825 | D:2      | Noticed Jessica
   832 | D:2      | Killed Jessica
   832 | D:2      | Reached XP level 3. HP: 28/29 MP: 4/4
   875 | D:2      | Noticed Terence
   889 | D:2      | Killed Terence
   889 | D:2      | Reached XP level 4. HP: 31/37 MP: 4/6
   949 | D:2      | Reached skill level 4 in Fighting
  1270 | D:2      | Reached skill level 1 in Shields
  1285 | D:2      | Reached XP level 5. HP: 25/42 MP: 7/7
  1611 | D:2      | Found a runed door.
  2328 | D:3      | Found an ancient bone altar of Kikubaaqudgha.
  2328 | D:3      | Found a white marble altar of Elyvilon.
  2328 | D:3      | Found a sacrificial altar of Ru.
  2329 | D:3      | Found a shimmering altar of Xom.
  2669 | D:3      | Reached ** piety under Lugonu
  2836 | D:3      | Reached XP level 6. HP: 32/49 MP: 8/8
  2990 | D:3      | Noticed Paps's ghost (amateur DsGl)
  3533 | D:3      | Found a basalt altar of Yredelemnul.
  3543 | D:3      | Noticed a profane servitor
  3556 | D:3      | Found a glowing golden altar of the Shining One.
  3558 | D:3      | Noticed an angel
  3617 | D:4      | Found an opulent altar of Gozag.
  3796 | D:4      | Found a glowing drain.
  4342 | D:4      | Noticed an ogre
  4365 | D:4      | Slain by an ogre

Skill      XL: |  1  2  3  4  5 |
---------------+----------------+-----
Dodging        | 1 2 |  2.4
Fighting       | 4 |  4.4
Shields        | 1 |  1.7
Armour         | 3 |  3.4
Invocations    | 3 |  3.6
Axes           | 3 |  3.1

Action                   |  1- 3 |  4- 6 || total
-------------------------+-------+-------++-------
Melee: Hand axe          |    66 |   238 ||   304
Invok: Depart the Abyss  |     1 |       ||     1
       Bend Space        |       |     4 ||     4
  Use: Potion            |       |     1 ||     1
 Stab: Invisible         |       |     4 ||     4
  Eat: Chunk             |       |    11 ||    11
Armor: Leather armour    |    19 |       ||    19
       Ring mail         |     5 |       ||     5
       Scale mail        |       |    82 ||    82
       Chain mail        |       |    64 ||    64
Dodge: Dodged            |    42 |    77 ||   119
Block: Shield            |     2 |   114 ||   116
